 Dungeon Sprint DCSS version 0.27-a0-1196-g3e9cee4cb2 (webtiles) character file.

Game seed: 8993635404296728383

1727 Conn the Arsonist (level 9, -7/54 HPs)
             Began as an Octopode Fire Elementalist on May 29, 2021.
             Was a Follower of Sif Muna.
             Mangled by a centaur warrior (11 damage)
             ... in the Dungeon (Sprint I: "Red Sonja").
             The game lasted 00:12:54 (1467 turns).

Conn the Arsonist (Octopode Fire Elementalist)      Turns: 1467, Time: 00:12:54

Health: -7/54      AC:  1    Str:  7    XL:     9   Next: 5%
Magic:  1/23       EV: 14    Int: 21    God:    Sif Muna [*.....]
Gold:   755        SH:  0    Dex: 12    Spells: 9/28 levels left

rFire    . . .     SeeInvis .   f - +2 dagger (venom)
rCold    . . .     Faith    .   (no shield)
rNeg     + . .     Spirit   .   (helmet restricted)
rPois    .         Reflect  .   (no amulet)
rElec    .         Harm     .   i - ring of positive energy
rCorr    .         Rampage  .   (no ring)
Will     .....     NoTele   +   (no ring)
Stlth    ++++......             (no ring)
HPRegen  0.18/turn              (no ring)
MPRegen  0.18/turn              (no ring)
                                (no ring)
                                (no ring)

@: no status effects
A: almost no armour, amphibious, 8 rings, camouflage 1, gelatinous body 1,
(nimble swimmer 1), tentacles
a: Renounce Religion, Channel Magic


You were in the Dungeon.
You worshipped Sif Muna.
Sif Muna was aware of your devotion.
You visited 1 branch You collected 855 gold pieces.
You spent 100 gold pieces at shops.

Inventory:

Hand Weapons
 a - a +0 dagger
 f - a +2 dagger of venom (weapon)
Missiles
 d - a curare-tipped dart (quivered)
Jewellery
 i - a ring of positive energy (left tentacle)
Scrolls
 g - 2 scrolls of magic mapping {unknown}
 h - a scroll of identify {unknown}
Potions
 b - 5 potions of curing
 c - 3 potions of heal wounds
 e - a potion of magic


   Skills:
 + Level 1.9 Fighting
 + Level 0.3 Throwing
 + Level 4.3 Dodging
 + Level 6.2 Stealth
 * Level 10.3 Spellcasting
 * Level 7.2 Conjurations
 * Level 4.4 Summonings
 * Level 12.7 Fire Magic


You had 9 spell levels left.
You knew the following spells:

 Your Spells              Type           Power      Damage    Failure   Level
a - Foxfire               Conj/Fire      100%       2x1d9     1%          1
b - Conjure Flame         Conj/Fire      51%        6-21      1%          3
c - Inner Flame           Hex/Fire       37%        N/A       1%          3
d - Sticky Flame          Conj/Fire      51%        2d7       1%          4
e - Fireball              Conj/Fire      25%        3d11      3%          5
f - Call Imp              Summ           29%        N/A       1%          2
g - Summon Small Mammal   Summ           100%       N/A       1%          1

Your spell library contained the following spells:

 Spells                   Type           Power      Damage    Failure   Level
 Call Canine Familiar     Summ           29%        N/A       3%          3
 Summon Guardian Golem    Hex/Summ       20%        N/A       8%          3
 Summon Ice Beast         Ice/Summ       20%        N/A       26%         4
 Summon Lightning Spire   Summ/Air       20%        N/A       26%         4


Dungeon Overview and Level Annotations

Branches:
Dungeon (1/1)

Altars:
Cheibriados
Dithmenos
Elyvilon
Fedhas
Gozag
Hepliaklqana
Kikubaaqudgha
Makhleb
Nemelex Xobeh
Okawaru
Qazlal
Ru
Sif Muna
Trog
Uskayaw
Vehumet
Wu Jian
Xom
Yredelemnul
Zin
The Shining One
Jiyva
Lugonu

Shops:
D !![


Innate Abilities, Weirdness & Mutations

You cannot wear most types of armour.
You are amphibious.
You can wear up to eight rings at the same time.
Your skin changes colour to match your surroundings (Stealth+).
Your rubbery body absorbs attacks. (AC +1, EV +1)
((You are camouflaged near water. (Stealth+)))
You have tentacles for arms and can constrict up to eight enemies at once.


Message History

Confirm with . or Enter, or press ? or * to list all spells.
Aiming: Fireball (dangerous; 3% risk of failure)
Press: ? - help, Shift-Dir - straight line, f - centaur warrior
Aim: a centaur warrior, quivering arrows (purple smoke, heavily wounded, wandering, hasn't noticed you)
The fireball explodes!
The fireball engulfs the centaur warrior!
The centaur warrior is almost dead.
The centaur warrior wields a +0 shortbow.
The centaur warrior shoots an arrow.
The arrow hits you!!
Ouch! That really hurt!
Casting: Fireball (dangerous; 3% risk of failure)
Confirm with . or Enter, or press ? or * to list all spells.
Okay, then.
Found 4 stones.
There is an open door here.
Casting: Fireball (dangerous; 3% risk of failure)
Confirm with . or Enter, or press ? or * to list all spells.
Okay, then.
You close the door.
Something unseen opens the door.
Things that are here:
a +0 troll leather armour; a deep troll corpse
There is an open door here.
The centaur warrior unwields a +0 shortbow.
The centaur warrior hits you! The centaur warrior kicks you.
* * * LOW HITPOINT WARNING * * *
Things that are here:
a +0 troll leather armour; a deep troll corpse
Casting: Fireball (dangerous; 3% risk of failure)
Confirm with . or Enter, or press ? or * to list all spells.
Aiming: Sticky Flame (dangerous; 1% risk of failure)
Press: ? - help, Shift-Dir - straight line, f/p - centaur warrior
Aim: a centaur warrior, quivering arrows (severely wounded, 100% to hit)
The sticky flame hits the centaur warrior.
The centaur warrior is almost dead.
The centaur warrior is covered in liquid flames!
The centaur warrior burns!
The centaur warrior hits you!
* * * LOW HITPOINT WARNING * * *
The centaur warrior misses you. The centaur warrior hits you!
You die...

#..#####)#####'#__####
#..####..#...#[####§§#
#..#__####..##.#≈§§.c#
#..#_____##'#_.+≈§≈cc+
#⌠⌠#_.∩...'..._#§≈c§c
####_..__##_.#'##§###
#_____###'#.#§.§(###
############.####'###.##
#∩........'...'@c...'(∩#
###++++####...##########
###.### #.#'#.# #.....#
#..(..# #######


You could see a centaur warrior (burning).

Vanquished Creatures
  Sonja (D)
  A deep troll (D)
  A slime creature (D)
  Sigmund (D)
  A yak (D)
  An ogre (D)
  A jelly (D)
  Ijyb (D)
  2 ballistomycete spores (D)
10 creatures vanquished.

Vanquished Creatures (others)
  A merfolk siren (D)
  3 hornets (D)
  33 foxfires (D)
37 creatures vanquished.

Grand Total: 47 creatures vanquished

Notes
Turn   | Place    | Note
-------+----------+-------------------------------------------
     0 | D        | Conn the Octopode Fire Elementalist began the quest for the
                  | Orb.
     0 | D        | Reached XP level 1. HP: 11/11 MP: 3/3
     1 | D        | Noticed Ijyb
    10 | D        | Killed Ijyb
    11 | D        | Reached skill level 5 in Fire Magic
    11 | D        | Reached XP level 2. HP: 10/17 MP: 4/6
    11 | D        | Reached XP level 3. HP: 12/21 MP: 4/7
   185 | D        | Learned a level 3 spell: Conjure Flame
   189 | D        | Learned a level 3 spell: Inner Flame
   190 | D        | Noticed an ogre
   222 | D        | HP: 1/21 [ogre/+0 giant club (20)]
   224 | D        | Killed an ogre
   225 | D        | Reached skill level 7 in Fire Magic
   225 | D        | Reached XP level 4. HP: 2/27 MP: 2/10
   525 | D        | Learned a level 4 spell: Sticky Flame
   525 | D        | Noticed Sigmund
   532 | D        | Killed Sigmund
   533 | D        | Reached skill level 5 in Spellcasting
   533 | D        | Reached skill level 9 in Fire Magic
   533 | D        | Reached XP level 5. HP: 15/32 MP: 2/13
   533 | D        | Reached XP level 6. HP: 17/37 MP: 2/14
   546 | D        | Killed a hornet
   706 | D        | Found an ornate altar of the Wu Jian Council.
   706 | D        | Found a shimmering blue altar of Sif Muna.
   708 | D        | Found a radiant altar of Vehumet.
   708 | D        | Identified the +1 leather armour of the Solstice {Rampage
                  | Regen+ Str+3 Slay+2}
   712 | D        | Became a worshipper of Sif Muna the Loreminder
   748 | D        | Killed a hornet
   878 | D        | Learned a level 5 spell: Fireball
   878 | D        | Found Copungov's Distillery.
   878 | D        | Found an ancient bone altar of Kikubaaqudgha.
   878 | D        | Found a hazy altar of Hepliaklqana.
   878 | D        | Found a stormy altar of Qazlal.
   878 | D        | Found a hide-covered altar of Uskayaw.
   878 | D        | Found a blossoming altar of Fedhas.
   878 | D        | Found a bloodstained altar of Trog.
   878 | D        | Found an iron altar of Okawaru.
   878 | D        | Found a basalt altar of Yredelemnul.
   878 | D        | Found a glowing golden altar of the Shining One.
   878 | D        | Found a snail-covered altar of Cheibriados.
   878 | D        | Found a sacrificial altar of Ru.
   878 | D        | Found a glowing silver altar of Zin.
   878 | D        | Found a shadowy altar of Dithmenos.
   878 | D        | Found a white marble altar of Elyvilon.
   878 | D        | Noticed a yak
   897 | D        | Killed a yak
   898 | D        | Reached skill level 1 in Fighting
   898 | D        | Reached skill level 5 in Stealth
   898 | D        | Reached skill level 5 in Conjurations
   898 | D        | Reached skill level 10 in Fire Magic
   898 | D        | Reached XP level 7. HP: 31/43 MP: 6/17
   931 | D        | Killed a hornet
   990 | D        | Learned a level 2 spell: Call Imp
   995 | D        | Found an opulent altar of Gozag.
   996 | D        | Found a sparkling altar of Nemelex Xobeh.
  1000 | D        | Bought 2 potions of heal wounds for 100 gold pieces
  1012 | D        | Found a burning altar of Makhleb.
  1012 | D        | Found a viscous altar of Jiyva.
  1012 | D        | Found a shimmering altar of Xom.
  1012 | D        | Found a corrupted altar of Lugonu.
  1012 | D        | Noticed a slime creature
  1026 | D        | Killed a slime creature
  1026 | D        | Reached * piety under Sif Muna
  1027 | D        | Reached skill level 1 in Summonings
  1027 | D        | Reached skill level 11 in Fire Magic
  1043 | D        | Killed a merfolk siren
  1132 | D        | Learned a level 1 spell: Summon Small Mammal
  1146 | D        | Noticed Sonja
  1154 | D        | Killed Sonja
  1155 | D        | Reached skill level 12 in Fire Magic
  1155 | D        | Reached XP level 8. HP: 48/48 MP: 2/21
  1302 | D        | Found Dantusun's Distillery.
  1322 | D        | Noticed a deep troll
  1346 | D        | Killed a deep troll
  1347 | D        | Reached skill level 10 in Spellcasting
  1347 | D        | Reached XP level 9. HP: 54/54 MP: 4/23
  1360 | D        | Found Ball's Armour Emporium.
  1453 | D        | Noticed a centaur warrior
  1454 | D        | Noticed a centaur warrior
  1467 | D        | Mangled by a centaur warrior

Illustrated notes

Levels and vault maps discovered:
D:        dungeon_sprint_1 [red_sonja_temple_1, red_sonja_temple_small_1]

Skill      XL: |  1  2  3  4  5  6  7  8 |
---------------+-------------------------+-----
Stealth        | 3 4 5 6 |  6.2
Spellcasting   | 3 4 5 7 9 10 | 10.3
Conjurations   | 2 3 4 5 6 7 |  7.2
Fire Magic     | 5 7 9 10 12 | 12.7
Dodging        | 3 4 |  4.3
Fighting       | 1 |  1.9
Summonings     | 3 4 |  4.4
Throwing       | |  0.3

Action                   |  1- 3 |  4- 6 |  7- 9 || total
-------------------------+-------+-------+-------++-------
Melee: Unarmed           |     9 |     3 |       ||    12
       Constrict         |     1 |     1 |       ||     2
       Tentacles         |     1 |     1 |       ||     2
Throw: Dart              |       |       |     1 ||     1
 Cast: Foxfire           |     7 |     4 |     9 ||    20
       Conjure Flame     |     1 |     1 |     1 ||     3
       Sticky Flame      |       |     4 |     4 ||     8
       Summon Small Mamm |       |       |     8 ||     8
       Fireball          |       |       |     7 ||     7
       Call Imp          |       |       |     1 ||     1
  Use: Potion            |     3 |       |       ||     3
       Scroll            |     1 |       |       ||     1
Dodge: Dodged            |     3 |     3 |     3 ||     9

Table legend: (Time is in decaauts)
 A = Elapsed time spent in this place.
 B = Non-inter-level travel time spent in this place.
 C = Inter-level travel time spent in this place.
 D = Time resting spent in this place.
 E = Time spent auto-exploring this place.
 F = Levels seen in this place.
 G = Mean time per level.
                   A        B        C        D        E       F      G
               +--------+--------+--------+--------+--------+-----+--------+
         Total |   1454 |   1454 |      0 |   1029 |      0 |   1 | 1454.0 |
       Dungeon |   1454 |   1454 |      0 |   1029 |      0 |   1 | 1454.0 |
               +--------+--------+--------+--------+--------+-----+--------+

Top non-repeatable levels by time:
       D: 1454 daAuts
